 Dungeon Crawl Stone Soup version 0.17-a0-1741-gd5e8965 (webtiles) character file.

13188 matakusis the Blocker (level 11, 0/86 HPs)
             Began as a Demonspawn Gladiator on Aug 30, 2015.
             Was a High Priest of Yredelemnul.
             Slain by an orc warrior
             ... wielding a +0 scimitar
             ... led by an orc knight
              (20 damage)
             ... on level 4 of the Orcish Mines on Aug 31, 2015.
             The game lasted 01:12:04 (11826 turns).

matakusis the Blocker (Demonspawn Gladiator)       Turns: 11826, Time: 01:12:04

Health: 0/86       AC: 17    Str: 24    XL:     11   Next: 72%
Magic:  0/13       EV: 14    Int: 11    God:    Yredelemnul [*****.]
Gold:   880        SH: 22    Dex: 16    Spells: 1 memorised, 6 levels left

rFire  + . .     SeeInvis +     c - +2 war axe (chop)
rCold  . . .     Clarity  .     B - +1 chain mail {rF+}
rNeg   . . .     SustAt   .     w - +3 large shield of Togaj {MR+ Dex-2 SInv Stlth+}
rPois  .         Gourm    .     K - +1 helmet
rElec  .         Spirit   +     (no cloak)
rCorr  .         Warding  .     f - +0 pair of gloves
rMut   .         Stasis   .     (no boots)
MR     +....                    (no amulet)
Stlth  ..........               z - +4 ring of evasion
                                t - +4 ring of strength

@: mighty, somewhat resistant to hostile enchantments, extremely unstealthy
A: talons 1, rugged brown scales 3, clever 1, demonic guardian 1, spit poison 1,
magic shield, magic regeneration
a: Spit Poison, Animate Dead, Recall Undead Slaves, Injury Mirror, Drain Life,
Enslave Soul, Renounce Religion


You were on level 4 of the Orcish Mines.
You worshipped Yredelemnul.
Yredelemnul was extremely pleased with you.
You were not hungry.

You visited 3 branches of the dungeon, and saw 14 of its levels.

You collected 1202 gold pieces.
You spent 322 gold pieces at shops.

Inventory:

Hand weapons
 c - a +2 war axe of chopping (weapon)
 g - the +0 battleaxe "Koesyut" {freeze, rC++ Str+4 Dex-3}
   (You bought it in a shop on level 8 of the Dungeon)

   It has been specially enchanted to freeze those struck by it, causing extra
   injury to most foes and up to half again as much damage against particularly
   susceptible opponents.
   It can also slow down cold-blooded creatures.
   It affects your strength (+4).
   It affects your dexterity (-3).
   It greatly protects you from cold.
 C - the +1 dagger "Unko" {flame, rElec rN+ SInv}
   (You found it on level 8 of the Dungeon)

   It has been specially enchanted to burn those struck by it, causing extra
   injury to most foes and up to half again as much damage against particularly
   susceptible opponents.
   It insulates you from electricity.
   It protects you from negative energy.
   It lets you see invisible.
Missiles
 d - 2 throwing nets (quivered)
 h - 31 poisoned needles
 j - 7 curare-tipped needles
 s - 2 exploding tomahawks
Armour
 f - a +0 pair of gloves (worn)
 w - the +3 large shield of Togaj (worn) {MR+ Dex-2 SInv Stlth+}
   (You found it on level 4 of the Dungeon)

   It affects your dexterity (-2).
   It affects your resistance to hostile enchantments.
   It lets you see invisible.
   It makes you more stealthy.
 B - a +1 chain mail of fire resistance (worn)
 K - a +1 helmet (worn)
Jewellery
 m - an uncursed ring of protection from fire
 t - a +4 ring of strength (left hand)
 u - an uncursed ring of teleportation
 z - a +4 ring of evasion (right hand)
Magical devices
 i - a wand of flame (41)
 n - a wand of random effects (24)
 q - a wand of digging (6)
Scrolls
 y - a scroll of remove curse
 A - 3 scrolls of immolation
 D - a scroll of enchant weapon
 F - a scroll of amnesia
 G - a scroll of identify
 H - a scroll of fog
 J - a scroll of recharging
 O - a scroll of teleportation
Potions
 l - a potion of cancellation
 p - 4 potions of curing
 r - 3 potions of flight
 L - a potion of lignification
 M - a potion of magic
 P - a potion of cure mutation
Books
 b - a book of Envenomations

   Spells                             Type                      Level
   a - Spider Form                    Transmutation/Poison         3
   b - Alistair's Intoxication        Transmutation/Poison         4
   c - Olgreb's Toxic Radiance        Poison                       4
   d - Poisonous Cloud                Conjuration/Poison/Air       6
 I - a book of Clouds

   Spells                             Type                      Level
   a - Mephitic Cloud                 Conjuration/Poison/Air       3
   b - Conjure Flame                  Conjuration/Fire             3
   c - Poisonous Cloud                Conjuration/Poison/Air       6
   d - Freezing Cloud                 Conjuration/Ice/Air          6
   e - Ring of Flames                 Charms/Fire                  7
 N - a book of Power

   Spells                             Type                      Level
   a - Fulminant Prism                Conjuration/Hexes            4
   b - Iskenderun's Mystic Blast      Conjuration                  4
   c - Venom Bolt                     Conjuration/Poison           5
   d - Bolt of Magma                  Conjuration/Fire/Earth       5
   e - Iron Shot                      Conjuration/Earth            6
   f - Orb of Destruction             Conjuration                  7
   g - Spellforged Servitor           Conjuration/Summoning        7
Comestibles
 a - 3 chunks of flesh
 e - 10 bread rations
 o - 11 fruits
 x - 9 slices of pizza


   Skills:
 + Level 6.3 Fighting
 + Level 7.2 Axes
 - Level 1.7 Throwing
 + Level 4.7 Armour
 * Level 8.9 Dodging
 * Level 11.3 Shields
 + Level 3.1 Invocations


You had 6 spell levels left.
You knew the following spells:

 Your Spells              Type           Power        Failure   Level  Hunger
a - Olgreb's Toxic Radia  Pois           #.......     100%        4    #####..


Dungeon Overview and Level Annotations

Branches:
Dungeon (9/15)             Temple (1/1) D:7             Orc (4/4) D:9
   Lair: D:8-11         Elf: Orc:3-4

Altars:
Ashenzari
Cheibriados
Dithmenos
Elyvilon
Fedhas
Gozag
Kikubaaqudgha
Makhleb
Nemelex Xobeh
Okawaru
Qazlal
Ru
Sif Muna
Trog
Vehumet
Xom
Yredelemnul
Zin
The Shining One

Shops:
D:6 =   D:8 (   Orc:4 ?}


Innate Abilities, Weirdness & Mutations

You have sharp toenails.
You are completely covered in rugged brown scales (AC +3, +7% HP).
A weak demonic guardian rushes to your aid.
When hurt, damage is shared between your health and your magic reserves.
You regenerate magic rapidly.
Your mind is acute. (Int +2)
You can spit weak poison.


Message History

You slash the orc!
You kill the orc!
Yredelemnul accepts your kill.
You hit the orc warrior.
The orc warrior is almost dead.
You block the orc warrior's attack.
The orc warrior moves out of view.
The orc barely misses your iron imp.
The orc warrior hits you from afar with a halberd.
You block the orc warrior's attack. x2
Your iron imp closely misses the orc.
Your shield and chain mail prevent you from hitting the orc warrior.
Your kick misses the orc warrior.
The orc warrior is almost dead.
Your iron imp disappears in a puff of smoke!
You block the orc warrior's attack. x2
The orc warrior hits you from afar with a trident!
* * * LOW HITPOINT WARNING * * *
The orc warrior hits you with a scimitar!!
You die...
Your body rises from the dead as a mindless zombie.

##.........###........#.....
.......<....##)))(.............
....))......###∩(.............#
....)))......#)).#............#
.............)#.#.............#
......#.......####............##
....#.#.......o.###o#..........##
...######......o##o#.ZZ##)......#
...# #......$@)#.#...zZ))..###
.... ##.....)o.####.##Z......8
.... #....o...# ####........ ...
.......### #........ ...
........# ##....... ... .......##
##.....8 ...#.# ....### .####
..... ...##


You could see 5 orc warriors and an orc (frenzied).

Vanquished Creatures
  Erolcha (D:8)
  3 orc knights (Orc:4)
  Pikel (D:9)
  An orc sorcerer (Orc:3)
  An oklob plant (Orc:3)
  A troll (Orc:4)
  The ghost of KambridgeKobold the Covert, an experienced SpEn of Sif Muna (D:6)
  A deep elf mage (D:9)
  3 wolves (D:8)
  2 hippogriffs
  2 ice beasts (D:7)
  2 sky beasts
  6 phantoms
  Purgy (D:3)
  A black bear (D:9)
  A wasp (D:7)
  A necrophage (D:9)
  9 ogres
  7 orc warriors
  A crocodile (D:7)
  5 centaurs
  16 big kobolds
  4 giant frogs
  11 killer bees
  5 scorpions
  A giant frog zombie (D:7)
  10 wights (D:7)
  2 crimson imps
  2 centaur zombies (D:6)
  A hound (D:4)
  An electric eel (D:9)
  11 orc priests
  A gnoll shaman (D:7)
  A giant frog skeleton (D:9)
  2 centaur skeletons
  Ijyb (D:3)
  20 orc wizards
  Jessica (D:2)
  7 worker ants
  5 iguanas
  A killer bee zombie (D:7)
  2 hound zombies (D:7)
  2 hound skeletons
  A worker ant zombie (D:8)
  13 gnolls
  15 adders
  2 shadow imps (D:6)
  2 oozes (D:1)
  3 adder skeletons
  4 worms
  3 giant geckos
  117 orcs
  10 bats
  5 giant cockroaches
  4 goblins
  10 hobgoblins
  14 jackals
  23 kobolds
  6 quokkas
  2 ball pythons
  7 giant newts
  A jackal skeleton (D:7)
  10 rats
410 creatures vanquished.

Vanquished Creatures (collateral kills)
  A troll (Orc:2)
  Grum (D:8)
  A wolf (D:8)
  A slave (D:9)
  An ice beast (D:9)
  8 orc warriors
  4 ogres
  A scorpion (D:5)
  A crimson imp (D:3)
  A giant frog zombie (D:9)
  5 orc priests
  9 orc wizards
  A worker ant (D:6)
  2 gnolls (Orc:4)
  59 orcs
  A hobgoblin (D:2)
  A jackal (D:9)
  A quokka (D:4)
99 creatures vanquished.

Vanquished Creatures (others)
  2 flying skulls (Orc:4)
  2 wights
  14 orc zombies
  An orc (Orc:2)
  2 gnoll zombies (Orc:4)
  A jackal zombie (D:9)
  3 orc skeletons
25 creatures vanquished.

Grand Total: 534 creatures vanquished

Notes
Turn   | Place    | Note
--------------------------------------------------------------
     0 | D:1      | matakusis the Demonspawn Gladiator began the quest for the Orb.
     0 | D:1      | Reached XP level 1. HP: 16/16 MP: 1/1
   293 | D:1      | Gained mutation: A weak demonic guardian rushes to your aid. [demonic ancestry]
   293 | D:1      | Reached XP level 2. HP: 22/22 MP: 2/2
   342 | D:1      | Reached skill level 3 in Dodging
   571 | D:1      | Gained mutation: When hurt, damage is shared between your health and your magic reserves. [demonic ancestry]
   571 | D:1      | Reached XP level 3. HP: 27/27 MP: 3/3
   876 | D:2      | Noticed Jessica
   894 | D:2      | Killed Jessica
   896 | D:2      | Gained mutation: You are partially covered in rugged brown scales (AC +1, +3% HP). [demonic ancestry]
   896 | D:2      | Reached XP level 4. HP: 9/35 MP: 2/4
  1518 | D:2      | Reached skill level 4 in Dodging
  1991 | D:3      | Reached skill level 1 in Armour
  2107 | D:3      | Noticed Purgy
  2114 | D:3      | Killed Purgy
  2114 | D:3      | Gained mutation: You regenerate magic rapidly. [demonic ancestry]
  2114 | D:3      | Reached XP level 5. HP: 33/40 MP: 3/5
  2443 | D:3      | Noticed Ijyb
  2466 | D:3      | Killed Ijyb
  2604 | D:3      | Found a radiant altar of Vehumet.
  2604 | D:3      | Found a burning altar of Makhleb.
  2606 | D:3      | Reached skill level 1 in Shields
  2643 | D:3      | Reached XP level 6. HP: 45/47 MP: 4/6
  2783 | D:3      | Upgraded the game from 0.17-a0-1738-g82cdc46 to 0.17-a0-1741-gd5e8965
  3101 | D:4      | Reached skill level 5 in Dodging
  3286 | D:4      | Gained mutation: You are mostly covered in rugged brown scales (AC +2, +5% HP). [demonic ancestry]
  3286 | D:4      | Reached XP level 7. HP: 42/53 MP: 7/7
  3435 | D:4      | Found a snail-covered altar of Cheibriados.
  3822 | D:4      | Got a faintly humming large shield
  3833 | D:4      | Identified the +3 large shield of Togaj {MR+ Dex-2 SInv Stlth+} (You found it on level 4 of the Dungeon)
  4175 | D:5      | Entered Level 5 of the Dungeon
  4197 | D:5      | Reached skill level 6 in Dodging
  4699 | D:5      | Gained mutation: You have sharp toenails. [demonic ancestry]
  4699 | D:5      | Reached XP level 8. HP: 58/60 MP: 6/8
  4820 | D:6      | Found an iron altar of Okawaru.
  4871 | D:6      | Learned a level 4 spell: Olgreb's Toxic Radiance
  5014 | D:6      | Noticed KambridgeKobold's ghost (experienced SpEn)
  5023 | D:6      | Killed KambridgeKobold's ghost
  5025 | D:6      | Reached skill level 5 in Shields
  5029 | D:6      | Gained mutation: You can spit weak poison. [mutagenic meat]
  5031 | D:6      | Gained mutation: You can spit poison. [mutagenic meat]
  5032 | D:6      | Gained mutation: Your mind is acute. (Int +2) [mutagenic meat]
  5033 | D:6      | Lost mutation: You can spit poison. [mutagenic meat]
  5278 | D:6      | Found Cunybes's Jewellery Shoppe.
  5504 | D:7      | Reached skill level 7 in Dodging
  5538 | D:7      | Reached XP level 9. HP: 67/67 MP: 9/9
  5672 | D:7      | Reached skill level 5 in Axes
  5755 | D:7      | Found a shattered altar of Ashenzari.
  6396 | D:7      | Reached skill level 8 in Shields
  6600 | D:7      | Found a staircase to the Ecumenical Temple.
  6607 | Temple   | Entered the Ecumenical Temple
  6701 | Temple   | Became a worshipper of Yredelemnul the Dark
  7154 | D:8      | Got an ichor-stained dagger
  7159 | D:8      | Identified the +1 dagger "Unko" {flame, rElec rN+ SInv} (You found it on level 8 of the Dungeon)
  7249 | D:8      | Found Doenoaps's Antique Weapon Shoppe.
  7321 | D:8      | Noticed Erolcha
  7333 | D:8      | Killed Erolcha
  7333 | D:8      | Gained mutation: You are completely covered in rugged brown scales (AC +3, +7% HP). [demonic ancestry]
  7333 | D:8      | Reached XP level 10. HP: 57/78 MP: 7/10
  7489 | D:8      | Reached skill level 9 in Shields
  7540 | D:8      | Noticed Grum
  7570 | D:8      | Killed Grum
  7570 | D:8      | Reached skill level 5 in Fighting
  7834 | D:8      | Found an iron altar of Okawaru.
  8007 | D:8      | Bought a pitted battleaxe for 322 gold pieces
  8012 | D:8      | Identified the +0 battleaxe "Koesyut" {freeze, rC++ Str+4 Dex-3} (You bought it in a shop on level 8 of the Dungeon)
  8065 | D:8      | Found a white marble altar of Elyvilon.
  8066 | D:8      | Found a bloodstained altar of Trog.
  8160 | D:8      | Acquired Yredelemnul's first power
  8506 | D:8      | Acquired Yredelemnul's second power
  8676 | D:9      | Found a staircase to the Orcish Mines.
  8711 | D:9      | Reached skill level 10 in Shields
  8844 | D:9      | Noticed Pikel
  8858 | D:9      | Killed Pikel
  8858 | D:9      | Reached skill level 1 in Invocations
  8858 | D:9      | Reached XP level 11. HP: 86/86 MP: 8/11
  9182 | Orc:1    | Entered Level 1 of the Orcish Mines
  9213 | Orc:1    | Acquired Yredelemnul's third power
  9741 | Orc:2    | Received a gift from Yredelemnul
  9934 | Orc:2    | Acquired Yredelemnul's fourth power
  9941 | Orc:2    | Received a gift from Yredelemnul
 10377 | Orc:3    | Received a gift from Yredelemnul
 10861 | Orc:2    | Acquired Yredelemnul's fifth power
 11075 | Orc:2    | Found a bloodstained altar of Trog.
 11084 | Orc:2    | Received a gift from Yredelemnul
 11339 | Orc:4    | Entered Level 4 of the Orcish Mines
 11339 | Orc:4    | Found Faefoer's Magic Scroll Emporium.
 11390 | Orc:4    | Found Urhubb's Gadget Emporium.
 11495 | Orc:4    | Reached skill level 11 in Shields
 11509 | Orc:4    | Received a gift from Yredelemnul
 11826 | Orc:4    | Slain by an orc warrior

Vault maps used:
D:1:      dpeg_arrival_tiny_h, minmay_close_crescents
D:2:      kennysheep_generic_room_10, uniq_jessica
D:3:      grunt_temple_overflow_lords_of_destruction, amethyst_killhole,
          uniq_purgy, uniq_iyjb
D:4:      kennysheep_mini_moat, minmay_divided_ellipse
D:5:      first_bread
D:6:      serial_shops, shop, okawaru_metal_pillars_1_2
D:7:      lemuel_doored_altar, temple_statues
D:8:      kennysheep_little_box, gammafunk_temple_overflow_statue, serial_shops,
          shop, special_room, grunt_pizzeria, hangedman_abyss_or_decor_stagger,
          bh_walls_and_bars, uniq_erolcha, uniq_grum
D:9:      orc_0_dummy, uniq_pikel
Temple:   circular_temple_12
Orc:2:    bloody_trog
Orc:3:    nicolae_orc_pool_cavern, mines3_lemuel
Orc:4:    grunt_orc_cross, serial_shops, nicolae_shop_crystal, shop,
          shop_statue, shop, shop

Action                   |  1- 3 |  4- 6 |  7- 9 | 10-12 || total
-------------------------+-------+-------+-------+-------++-------
Melee: War axe           |   108 |   223 |   615 |   554 ||  1500
       Battleaxe         |       |       |       |    61 ||    61
       Dagger            |       |       |       |     6 ||     6
Throw: Throwing net      |     3 |       |     1 |       ||     4
Invok: Animate Remains   |       |       |       |     7 ||     7
       Animate Dead      |       |       |       |    20 ||    20
 Abil: Spit Poison       |       |       |     4 |     2 ||     6
Evoke: Wand              |       |       |       |     1 ||     1
  Use: Scroll            |       |     9 |     9 |     5 ||    23
       Potion            |       |     3 |     2 |     7 ||    12
 Stab: Held in net/web   |     1 |       |       |       ||     1
       Distracted        |       |     2 |     1 |     5 ||     8
       Sleeping          |       |     2 |     1 |       ||     3
  Eat: Chunk             |       |     8 |    15 |    19 ||    42
       Meat ration       |       |       |     1 |       ||     1
